 Dungeon Crawl Stone Soup version 0.29.0-4-gdea44cf6ec (webtiles) character file.

Game seed: 16318373616068887490

362 qw the Chopper (level 6, -4/48 HPs)
             Began as a Formicid Cinder Acolyte on Sept 3, 2022.
             Was an Elder of Ignis.
             Succumbed to Dowan's poison
             ... on level 4 of the Dungeon.
             The game lasted 00:01:21 (3492 turns).

qw the Chopper (Formicid Cinder Acolyte)            Turns: 3492, Time: 00:01:21

Health: -4/48      AC: 16    Str: 19 (21) XL:     6   Next: 99%
Magic:  7/7        EV:  7    Int: 11 (13) God:    Ignis [****..]
Gold:   57         SH:  0    Dex:  9      Spells: 7/7 levels left

rFire   + . .      SeeInvis +   Y - +3 hand axe (elec)
rCold   . . .      Faith    .   (no shield)
rNeg    . . .      Spirit   .   h - +0 chain mail
rPois   .          Reflect  .   (helmet unavailable)
rElec   .          Harm     .   d - +0 cloak
rCorr   .          Rampage  .   (no gloves)
Will    .....                   (no boots)
Stlth   ..........              (no amulet)
HPRegen 0.16/turn               (no ring)
MPRegen 0.10/turn               (no ring)

@: lethally poisoned (-4 -> -23), fiery-armoured
A: permanent stasis, dig shafts and tunnels, antennae 3, four strong arms
a: Dig, Shaft Self, Renounce Religion, Fiery Armour, Foxfire Swarm, Rising Flame


You were on level 4 of the Dungeon.
You worshipped Ignis.
Ignis was greatly pleased with you.
You visited 1 branch of the dungeon, and saw 4 of its levels.

You collected 147 gold pieces.
You spent 90 gold pieces at shops.


Innate Abilities, Weirdness & Mutations

You cannot be hasted, slowed, berserked, paralysed or teleported.
You can dig through walls and to a lower floor.
You have a pair of large antennae on your head. (SInv)
Your four strong arms can wield two-handed weapons with a shield.


   Skills:
 + Level 3.9 Fighting
 - Level 6.5 Axes
 - Level 2.2 Armour
 - Level 0.2 Dodging
 - Level 1.1 Spellcasting
 - Level 3.0 Fire Magic


You had 7 spell levels left.
You didn't know any spells.
Your spell library contained the following spells:

 Spells                   Type           Power      Damage    Failure   Level
 Scorch                   Fire           14%        2d5       86%         2

Inventory:

Hand Weapons
 a - a -1 hand axe of flaming
 Y - a +3 hand axe of electrocution (weapon)
Missiles
 i - 2 boomerangs (quivered)
Armour
 d - a +0 cloak (worn)
 h - a +0 chain mail (worn)
Scrolls
 j - a scroll of identify
Potions
 c - 5 potions of curing
 l - a potion of invisibility {unknown}
 m - a potion of heal wounds {unknown}
 n - a potion of flight {unknown}

Dungeon Overview and Level Annotations

Branches:
Dungeon (4/15)
 Temple: D:4-7

Altars:
Yredelemnul

Shops:
D:3 *


Message History

You barely miss Dowan.
Dowan is heavily wounded.
You feel extremely sick.
Dowan says, "How can I live without her?"
Dowan barely misses you.
You hit Dowan.
Dowan is severely wounded.
You feel extremely sick.
Dowan casts a spell.
Dowan blinks!
You miss Dowan.
Dowan is severely wounded.
You hit the orc. Lightning courses through the orc!
You kill the orc!
You feel very sick. Dowan hits you but does no damage.
You are more poisoned.
Dowan is burned by your cloak of flames.
Dowan is almost dead.
You hit Dowan.
You kill Dowan!
You hit the black bear.
You feel extremely sick.
The black bear bites you but does no damage.
The black bear is burned by your cloak of flames.
The black bear is moderately wounded.
The black bear claws you but does no damage.
The black bear is burned by your cloak of flames.
The black bear is heavily wounded.
The black bear claws you but does no damage.
The black bear is burned by your cloak of flames.
The black bear is severely wounded.
You feel your dexterity returning.
You hit the black bear.
The black bear is severely wounded.
You feel very sick.
The black bear goes berserk!
You barely miss the black bear.
The black bear is severely wounded.
You die...

......
...?.
.... ...
?.{ #.
#.
#..#h###
#....@<#
#.##)###
... ####


You could see a black bear (berserk).

Vanquished Creatures
  Duvessa (D:4)
  Dowan (D:4)
  Jessica (D:2)
  Natasha (thrice) (D:2)
  Robin (D:2)
  3 gnolls (D:3)
  An adder (D:2)
  A worm (D:3)
  6 dart slugs
  An orc (D:4)
  3 endoplasms
  2 giant cockroaches
  11 goblins
  6 hobgoblins
  A quokka (D:1)
  3 ball pythons (D:1)
  4 bats (D:1)
  2 frilled lizards
  6 kobolds
  3 rats
60 creatures vanquished.

Notes
Turn   | Place    | Note
-------+----------+-------------------------------------------
     0 | D:1      | qw the Formicid Cinder Acolyte began the quest for the Orb.
     0 | D:1      | Reached XP level 1. HP: 18/18 MP: 2/2
     0 | D:1      | 0 ||| qw: Version: 0.1-a-100-g36b9a1f
     0 | D:1      | 0 ||| qw: Game counter: 5060
     0 | D:1      | 0 ||| qw: Always use a shield: true
     0 | D:1      | 0 ||| qw: God list: Okawaru
     0 | D:1      | 0 ||| qw: Allow faded altars: false
     0 | D:1      | 0 ||| qw: Do Orc after D:15 true
     0 | D:1      | 0 ||| qw: Do second Lair branch before Depths: true
     0 | D:1      | 0 ||| qw: Lair rune preference: random
     0 | D:1      | 0 ||| qw: Plans: Normal
     0 | D:1      | 0 ||| PLANNING D:1-11
    67 | D:1      | Found a faded altar of an unknown god.
   453 | D:1      | Reached XP level 2. HP: 24/24 MP: 3/3
   462 | D:1      | 462 ||| SWAPPING to +2 hand axe of electrocution.
   476 | D:1      | 476 ||| Stepping ~*~*~tactically~*~*~ (hiding).
   479 | D:1      | 479 ||| Stepping ~*~*~tactically~*~*~ (hiding).
   958 | D:1      | 958 ||| INVOKING Fiery Armour.
  1125 | D:1      | Reached skill level 4 in Axes
  1125 | D:1      | Reached XP level 3. HP: 28/29 MP: 4/4
  1277 | D:1      | 1277 ||| UPGRADING to +0 chain mail.
  1287 | D:1      | 1287 ||| DROPPING +0 robe.
  1288 | D:1      | 1288 ||| READING 2 scrolls labelled DOTIEZX TIXOE.
  1289 | D:1      | 1289 ||| READING scroll labelled TUROUPTAO.
  1290 | D:1      | 1290 ||| READING scroll labelled NOBRAF NENNUAM.
  1291 | D:1      | 1291 ||| DRINKING 3 smoky grey potions.
  1292 | D:1      | 1292 ||| DRINKING 2 fizzy cyan potions.
  1293 | D:1      | 1293 ||| DROPPING potion of attraction.
  1294 | D:1      | 1294 ||| Stepping randomly (stuck).
  1295 | D:1      | 1295 ||| Stepping ~*~*~tactically~*~*~ (cloud).
  1300 | D:1      | HP: 7/29 [poisoned by you (poison gas)]
  1598 | D:2      | 1598 ||| Stepping ~*~*~tactically~*~*~ (hiding).
  1631 | D:2      | 1631 ||| Stepping ~*~*~tactically~*~*~ (hiding).
  1799 | D:2      | Noticed Jessica
  1804 | D:2      | Killed Jessica
  1805 | D:2      | Reached XP level 4. HP: 32/35 MP: 5/5
  1963 | D:2      | Noticed Natasha
  1964 | D:2      | 1964 ||| Stepping ~*~*~tactically~*~*~ (hiding).
  1974 | D:2      | 1974 ||| INVOKING Fiery Armour.
  1974 | D:2      | Killed Natasha
  2230 | D:2      | Noticed Natasha
  2231 | D:2      | 2231 ||| Stepping ~*~*~tactically~*~*~ (stealth).
  2233 | D:2      | 2233 ||| Stepping ~*~*~tactically~*~*~ (hiding).
  2242 | D:2      | Killed Natasha
  2243 | D:2      | Reached XP level 5. HP: 29/41 MP: 6/6
  2351 | D:2      | 2351 ||| Stepping ~*~*~tactically~*~*~ (hiding).
  2487 | D:2      | Noticed Natasha
  2488 | D:2      | 2488 ||| Stepping ~*~*~tactically~*~*~ (stealth).
  2492 | D:2      | 2492 ||| Stepping ~*~*~tactically~*~*~ (stealth).
  2499 | D:2      | Reached skill level 5 in Axes
  2502 | D:2      | 2502 ||| Stepping ~*~*~tactically~*~*~ (hiding).
  2509 | D:2      | Killed Natasha
  2532 | D:2      | 2532 ||| Stepping ~*~*~tactically~*~*~ (stealth).
  2534 | D:2      | 2534 ||| Stepping ~*~*~tactically~*~*~ (stealth).
  2539 | D:2      | Noticed Robin
  2540 | D:2      | 2540 ||| Stepping ~*~*~tactically~*~*~ (stealth).
  2543 | D:2      | 2543 ||| Stepping ~*~*~tactically~*~*~ (stealth).
  2546 | D:2      | 2546 ||| Stepping ~*~*~tactically~*~*~ (hiding).
  2547 | D:2      | 2547 ||| Stepping ~*~*~tactically~*~*~ (hiding).
  2554 | D:2      | Killed Robin
  2575 | D:2      | 2575 ||| Stepping ~*~*~tactically~*~*~ (stealth).
  2805 | D:2      | 2805 ||| DROPPING orb of guile.
  2806 | D:2      | 2806 ||| READING scroll labelled RIDEHUC TAGI.
  2807 | D:2      | 2807 ||| READING scroll labelled WIOWNUOPPIB.
  2808 | D:2      | 2808 ||| READING scroll labelled GAOMUKLU KORRUFEC.
  2809 | D:2      | 2809 ||| DRINKING 3 fuming yellow potions.
  2810 | D:2      | 2810 ||| DRINKING 2 sedimented pink potions.
  2811 | D:2      | 2811 ||| READING 2 scrolls of identify.
  2811 | D:2      | 2811 ||| IDENTIFYING sedimented inky potion
  2812 | D:2      | 2812 ||| DROPPING 2 potions of brilliance.
  2813 | D:2      | 2813 ||| DROPPING potion of berserk rage.
  2814 | D:2      | 2814 ||| DROPPING potion of degeneration.
  2923 | D:3      | 2923 ||| INVOKING Fiery Armour.
  2928 | D:3      | Reached XP level 6. HP: 47/47 MP: 7/7
  3073 | D:3      | Found Ocvygh's General Store.
  3077 | D:3      | 3077 ||| BUYING +0 cloak (54 gold).
  3077 | D:3      | Bought a +0 cloak for 54 gold pieces
  3077 | D:3      | 3077 ||| BUYING potion of curing (36 gold).
  3077 | D:3      | Bought a potion of curing for 36 gold pieces
  3129 | D:3      | Found a basalt altar of Yredelemnul.
  3224 | D:3      | 3224 ||| UPGRADING to +0 cloak.
  3229 | D:3      | 3229 ||| READING scroll labelled YHAGAR ERARGHAMI.
  3261 | D:4      | Noticed Duvessa
  3262 | D:4      | Noticed Dowan
  3263 | D:4      | 3263 ||| Stepping ~*~*~tactically~*~*~ (stealth).
  3265 | D:4      | 3265 ||| Stepping ~*~*~tactically~*~*~ (hiding).
  3267 | D:4      | 3267 ||| STAIRDANCE
  3378 | D:4      | Killed Duvessa
  3379 | D:4      | Reached skill level 6 in Axes
  3379 | D:4      | 3379 ||| STAIRDANCE
  3480 | D:4      | 3480 ||| Stepping ~*~*~tactically~*~*~ (hiding).
  3484 | D:4      | Noticed a black bear
  3485 | D:4      | 3485 ||| INVOKING Fiery Armour.
  3490 | D:4      | Killed Dowan
  3490 | D:4      | HP: 6/47 [poisoned by Dowan]
  3491 | D:4      | HP: 1/48 [poisoned by Dowan]
  3492 | D:4      | Succumbed to Dowan's poison

Levels and vault maps discovered:
D:1:      dpeg_arrival_simpleton_b, layout_basic,
          hellmonk_ecumenical_altar_lost_god
D:2:      wad_crossroads, layout_basic, uniq_jessica, uniq_robin, uniq_natasha
D:3:      layout_rooms, mainiacjoe_overflow_surrounded_room, serial_shops,
          nicolae_shop_window_shopping, hangedman_abyss_or_decor_lesser_grid
D:4:      layout_basic, kennysheep_slug_shrine, serial_shops,
          nicolae_shop_waterfront, nicolae_elevator_lobby_asterisk, uniq_edmund,
          uniq_duvessa, uniq_blork_the_orc, uniq_sigmund

Skill      XL: |  1  2  3  4  5  6 |
---------------+-------------------+-----
Axes           | 4 5 6 |  6.5
Armour         | 2 |  2.2
Fighting       | |  3.9
Dodging        | |  0.2
Spellcasting   | |  1.1
Fire Magic     | |  3.0

Action                   |  1- 3 |  4- 6 || total
-------------------------+-------+-------++-------
Melee: Hand axe          |    42 |    89 ||   131
       Punch             |     1 |     1 ||     2
Throw: Boomerang         |    18 |    29 ||    47
Invok: Fiery Armour      |     1 |     3 ||     4
  Use: Scroll            |     3 |     5 ||     8
       Potion            |     2 |     2 ||     4
Armor: Robe              |    11 |       ||    11
       Chain mail        |     2 |    41 ||    43
Dodge: Dodged            |    31 |    18 ||    49

Table legend:
 A = Non-vault XP
 B = Vault XP
 C = Vault XP percentage of total XP
 D = Non-vault monster count
 E = Vault monster count
 F = Vault count percentage of total count
                 A         B        C        D         E       F
            +---------+---------+-------+---------+---------+-------
      Total |     196 |     322 |  62.2 |      41 |      19 |  31.7
            +---------+---------+-------+---------+---------+-------
        D:1 |      32 |       0 |   0.0 |      18 |       0 |   0.0
        D:2 |     105 |     115 |  52.3 |      13 |      17 |  56.7
        D:3 |      56 |       0 |   0.0 |       9 |       0 |   0.0
        D:4 |       3 |     207 |  98.6 |       1 |       2 |  66.7
            +---------+---------+-------+---------+---------+-------
